 Dungeon Crawl Stone Soup version 0.26-a0-58-g79b31b8662 (webtiles) character file.

Game seed: 17614083914152693118

225 BritishOli the Skirmisher (level 5, 43/43 HPs)
             Began as a Demonspawn Monk on June 8, 2020.
             Got out of the dungeon alive.
             The game lasted 00:01:39 (1726 turns).

BritishOli the Skirmisher (Demonspawn Monk)         Turns: 1726, Time: 00:01:39

Health: 43/43      AC:  6    Str: 12    XL:     5   Next: 68%
Magic:  5/5        EV: 10    Int: 12    God:
Gold:   91         SH:  0    Dex: 15    Spells: 4/4 levels left

rFire    . . .     SeeInvis .   a - +0 falchion
rCold    . . .     Gourm    .   (no shield)
rNeg     . . .     Faith    .   d - +0 scale mail
rPois    .         Spirit   .   (helmet restricted)
rElec    .         Reflect  .   (no cloak)
rCorr    .         Harm     .   (no gloves)
MR       .....                  (no boots)
Stlth    ++........             (no amulet)
HPRegen  0.14/turn              (no ring)
MPRegen  0.09/turn              (no ring)

@: no status effects
A: antennae 1, nightstalker 1
a: no special abilities


You escaped.
You were not hungry.

You visited 1 branch of the dungeon, and saw 2 of its levels.

You collected 91 gold pieces.

Inventory:

Hand Weapons
 a - a +0 falchion (weapon)
Armour
 b - a +0 robe
 d - a +0 scale mail (worn)
Scrolls
 e - a scroll of immolation {unknown}
Potions
 g - a potion of magic {unknown}
Comestibles
 c - 2 rations
 f - 3 chunks of flesh


   Skills:
 + Level 4.4 Fighting
 + Level 4.0 Long Blades
 + Level 4.0 Dodging
 - Level 1.7 Stealth


You had 4 spell levels left.
You didn't know any spells.
Your spell library was empty.

Dungeon Overview and Level Annotations

Branches:
Dungeon (2/15)

Altars:


Innate Abilities, Weirdness & Mutations

You have a pair of small antennae on your head.
You are slightly more attuned to the shadows.


Message History

You slip into the darkness of the dungeon.
(D) Dungeon
Where to? (Enter - D:2, ? - help) Eating one of 4 chunks of flesh.
You eat one of the 4 chunks of flesh.
This raw flesh tastes terrible.
Things that are here:
a +0 short sword; a kobold corpse
There is a stone staircase leading up here.
You climb upwards.
There is a stone staircase leading down here.
(D) Dungeon
Where to? (Enter - D:1, ? - help)
Okay, then.
(D) Dungeon
Where to? (Enter - D:1, ? - help)
Okay, then.
There is an open door here.
There is a staircase leading out of the dungeon here.
Are you sure you want to leave the Dungeon?
This will make you lose the game!
You have escaped!

##########..................# ###
.........'..................# #..
##########.................## #..
# ######..###.#....## #.. #
#...............# #.. #
#.#########.....# ### #
######...............# #
#....................####### #
#.##.......@.........##.....
######.##.#...............##.....
.......##.#...............##.....
#########.#.#########.....##.....
#.#...............##.....
#.#######..###....##.....
#.........## ############
####.......# #.......#


There were no monsters in sight!

Vanquished Creatures
  Sigmund (D:2)
  2 adders (D:2)
  An ooze (D:1)
  6 giant cockroaches
  3 goblins
  5 hobgoblins (D:1)
  3 jackals (D:1)
  2 ball pythons
  6 bats
  2 frilled lizards (D:1)
  7 kobolds
  5 rats
43 creatures vanquished.

Notes
Turn   | Place    | Note
-------+----------+-------------------------------------------
     0 | D:1      | BritishOli the Demonspawn Monk began the quest for the Orb.
     0 | D:1      | Reached XP level 1. HP: 18/18 MP: 1/1
   116 | D:1      | Gained mutation: You have a pair of small antennae on your
                  | head. [demonic ancestry]
   116 | D:1      | Reached XP level 2. HP: 17/24 MP: 2/2
   641 | D:1      | Reached XP level 3. HP: 29/29 MP: 3/3
  1601 | D:2      | Noticed Sigmund
  1617 | D:2      | Killed Sigmund
  1617 | D:2      | Reached XP level 4. HP: 35/38 MP: 4/4
  1617 | D:2      | Gained mutation: You are slightly more attuned to the
                  | shadows. [demonic ancestry]
  1617 | D:2      | Reached XP level 5. HP: 39/43 MP: 5/5
  1726 | D:$      | Got out of the dungeon alive.

Illustrated notes

Levels and vault maps discovered:
D:1:      minmay_arrival_semitransparent, layout_basic, minivault_23
D:2:      layout_loops_cross, marbit_many_paths, first_ration,
          small_statue_intersection, st_stairs_13, roderic_lattice_a,
          uniq_jessica, uniq_sigmund

Skill      XL: |  1  2  3 |
---------------+----------+-----
Dodging        | 3 4 |  4.0
Long Blades    | 3 4 |  4.0
Fighting       | 4 |  4.4
Stealth        | |  1.7

Action                   |  1- 3 |  4- 6 || total
-------------------------+-------+-------++-------
Melee: Falchion          |   141 |       ||   141
  Use: Potion            |     2 |       ||     2
  Eat: Chunk             |     2 |     1 ||     3
Armor: Scale mail        |    69 |       ||    69
Dodge: Dodged            |    82 |       ||    82
       Rpst.: Falchion   |    31 |       ||    31

Table legend:
 A = Non-vault XP
 B = Vault XP
 C = Vault XP percentage of total XP
 D = Non-vault monster count
 E = Vault monster count
 F = Vault count percentage of total count
                 A         B        C        D         E       F
            +---------+---------+-------+---------+---------+-------
      Total |      95 |     227 |  70.5 |      42 |       1 |   2.3
            +---------+---------+-------+---------+---------+-------
        D:1 |      56 |       0 |   0.0 |      32 |       0 |   0.0
        D:2 |      39 |     227 |  85.3 |      10 |       1 |   9.1
            +---------+---------+-------+---------+---------+-------
